 Dungeon Crawl Stone Soup version 0.18.1-8-gdd0e5ea (webtiles) character file.

48 deorigin the Sneak (level 3, -1/31 HPs)
             Began as a Naga Transmuter on June 1, 2016.
             Slain by a goblin
             ... wielding a cursed -3 club
             ... led by Robin
              (6 damage)
             ... on level 1 of the Dungeon.
             The game lasted 00:03:45 (1845 turns).

deorigin the Sneak (Naga Transmuter)                Turns: 1845, Time: 00:03:47

Health: -1/31      AC:  2    Str: 16    XL:     3   Next: 72%
Magic:  4/6        EV: 10    Int: 14    God:
Gold:   69         SH:  0    Dex: 11    Spells: 1 memorised, 5 levels left

rFire  . . .     SeeInvis +       - Unarmed
rCold  . . .     Gourm    .     b - +0 robe
rNeg   . . .     Faith    .     (no shield)
rPois  +         Spirit   .     (no helmet)
rElec  .         Dismiss  .     (no cloak)
rCorr  .         Reflect  .     (no gloves)
SustAt .         Harm     .     (no barding)
MR     .....                    (no amulet)
Stlth  ++........               (no ring)
                                h - +4 ring of strength

@: appendage, very slow, not resistant to hostile enchantments, unstealthy
A: horns 2, see invisible, deformed body, poison resistance, slowness 2, slow
metabolism 1, spit poison 2, AC +1
a: Spit Poison, End Transformation


You were on level 1 of the Dungeon.
You were not hungry.
You had grown temporary horns.
You visited 1 branch of the dungeon, and saw 2 of its levels.

You collected 69 gold pieces.

Inventory:

Hand Weapons
 m - a +0 dagger
Missiles
 a - 12 arrows
 t - 6 javelins (quivered)
Armour
 b - a +0 robe (worn)
 r - a +0 leather armour
 s - a +0 chain mail
Jewellery
 h - a +4 ring of strength (left hand)
 k - an uncursed amulet of regeneration {unknown}
 n - an uncursed ring of resist corrosion {unknown}
Wands
 p - a wand of polymorph (14/24)
Scrolls
 e - 2 scrolls of identify {unknown}
 i - a scroll of remove curse {unknown}
 j - a scroll of amnesia {unknown}
 l - a scroll of fog {unknown}
Potions
 g - a potion of brilliance {unknown}
 o - a potion of curing {unknown}
Books
 c - a book of Changes

   Spells                             Type                      Level
   a - Beastly Appendage              Transmutation                1
   b - Sticks to Snakes               Transmutation                2
   c - Spider Form                    Transmutation/Poison         3
   d - Ice Form                       Ice/Transmutation            4
   e - Blade Hands                    Transmutation                5
Comestibles
 d - 3 bread rations
 q - 2 royal jellies


   Skills:
 - Level 1.0 Fighting
 - Level 1.5 Dodging
 - Level 3.2 Stealth
 - Level 3.0 Unarmed Combat
 - Level 2.0 Spellcasting
 + Level 3.2 Transmutations


You had 5 spell levels left.
You knew the following spells:

 Your Spells              Type           Power        Failure   Level  Hunger
a - Beastly Appendage     Trmt           ##....       10%         1    ##.....


Dungeon Overview and Level Annotations

Branches:
Dungeon (2/15)

Altars:

Annotations:
D:2 Robin


Innate Abilities, Weirdness & Mutations

You cannot wear boots.
Your serpentine skin is tough (AC +1).
You have supernaturally acute eyesight.
Armour fits poorly on your strangely shaped body.
Your system is resistant to poisons.
You cover ground very slowly.
You have a slow metabolism.
You can spit poison.
You have a pair of horns on your head.


Message History

You climb upwards.
There is a stone staircase leading down here.
Unknown command.
There are monsters nearby!
Okay, then.
This spell is slightly dangerous to cast.
Memorise Spider Form, consuming 3 spell levels and leaving 2?
The goblin completely misses you. The goblin hits you.
Your memorisation is interrupted.
The hobgoblin hits you with a club!
* * * LOW HITPOINT WARNING * * *
Unknown command.
Casting: Beastly Appendage
Confirm with . or Enter, or press ? or * to list all spells.
You don't know that spell.
Unknown command.
Casting: Beastly Appendage
Confirm with . or Enter, or press ? or * to list all spells.
You extend your transformation's duration.
The goblin barely misses you. The goblin hits you with a club.
You die...

#.# #.# ########
#####.#########......#########
#............................#
........######...............#
............##...............#
...........................###
...............g.g.........#
................@..........#
...............g...#.......#
..........###......#.......#
..........# #......#.......#
..........# #......#.......#
...)..).#####......#.......##
...........##.............(.#
...........##..####.........#
...............# #.........#


You could see a hobgoblin and 2 goblins.

Vanquished Creatures
  An adder (D:2)
  2 dart slugs (D:1)
  3 giant cockroaches
  3 goblins
  7 hobgoblins
  3 jackals (D:1)
  5 bats
  3 giant newts (D:1)
  3 kobolds
  3 rats
33 creatures vanquished.

Notes
Turn   | Place    | Note
--------------------------------------------------------------
     0 | D:1      | deorigin the Naga Transmuter began the quest for the Orb.
     0 | D:1      | Reached XP level 1. HP: 18/18 MP: 3/3
    70 | D:1      | Reached skill level 1 in Stealth
   192 | D:1      | Reached XP level 2. HP: 24/25 MP: 3/5
   791 | D:1      | Reached XP level 3. HP: 22/31 MP: 6/6
  1453 | D:2      | Noticed Robin
  1845 | D:1      | Slain by a goblin

Skill      XL: |  1  2  3 |
---------------+----------+-----
Stealth        | 2 3 |  3.2
Transmutations | 3 |  3.2
Fighting       | |  1.0
Dodging        | |  1.5
Unarmed Combat | |  3.0
Spellcasting   | |  2.0

Action                   || total
-------------------------++-------
Melee: Unarmed           ||    71
       Headbutt          ||     3
       Punch             ||     1
 Cast: Beastly Appendage ||    14
 Abil: Spit Poison       ||    30
 Stab: Sleeping          ||     1
  Eat: Chunk             ||     4
Armor: Robe              ||    13
Dodge: Dodged            ||    54
